 Dungeon Crawl Stone Soup version 0.27-a0-1149-g4505690ab0 (webtiles) character file.

Game seed: 2573617784698746645

70 senseless the Shield-Bearer (level 4, -7/41 HPs)
             Began as a Gnoll Fighter on May 12, 2021.
             Was a Follower of Dithmenos.
             Killed from afar by Ijyb (14 damage)
             ... with a bolt of acid
             ... on level 3 of the Dungeon.
             The game lasted 00:02:35 (1728 turns).

senseless the Shield-Bearer (Gnoll Fighter)         Turns: 1728, Time: 00:02:36

Health: -7/41      AC: 10    Str: 16    XL:     4   Next: 22%
Magic:  5/5        EV: 12    Int:  8    God:    Dithmenos [*.....]
Gold:   134        SH: 10    Dex: 11    Spells: 5/5 levels left

rFire    . . .     SeeInvis .   e - +2 flail (protect)
rCold    . . .     Faith    .   c - +0 kite shield
rNeg     . . .     Spirit   .   b - +0 scale mail
rPois    .         Reflect  .   (no helmet)
rElec    .         Harm     .   (no cloak)
rCorr    .         Rampage  .   (no gloves)
Will     .....                  (no boots)
Stlth    ..........             (no amulet)
HPRegen  0.13/turn              g - +4 ring of evasion
MPRegen  0.09/turn              (no ring)

@: corroded, under a protective aura, wreathed by umbra
A: fangs 1, strong nose, distributed training
a: Renounce Religion


You were on level 3 of the Dungeon.
You worshipped Dithmenos.
Dithmenos was aware of your devotion.
You visited 1 branch of the dungeon, and saw 3 of its levels.

You collected 134 gold pieces.

Inventory:

Hand Weapons
 a - a +1 war axe
 e - a +2 flail of protection (weapon)
Armour
 b - a +0 scale mail (worn)
 c - a +0 kite shield (worn)
Jewellery
 g - a +4 ring of evasion (left hand)
Potions
 d - a potion of might
 h - a potion of haste {unknown}


   Skills:
 + Level 6.6 Fighting
 + Level 1.0 Short Blades
 + Level 1.0 Long Blades
 + Level 4.6 Axes
 + Level 1.0 Maces & Flails
 + Level 1.0 Polearms
 + Level 1.0 Staves
 + Level 1.0 Slings
 + Level 1.0 Bows
 + Level 1.0 Crossbows
 + Level 1.0 Throwing
 + Level 6.6 Armour
 + Level 1.0 Dodging
 + Level 1.0 Stealth
 + Level 6.6 Shields
 + Level 1.0 Unarmed Combat
 + Level 1.0 Spellcasting
 + Level 0.8 Conjurations
 + Level 0.8 Hexes
 + Level 0.8 Summonings
 + Level 0.8 Necromancy
 + Level 0.8 Translocations
 + Level 0.8 Transmutations
 + Level 0.8 Fire Magic
 + Level 0.8 Ice Magic
 + Level 0.8 Air Magic
 + Level 0.8 Earth Magic
 + Level 0.8 Poison Magic
 + Level 1.1 Invocations
 + Level 1.0 Evocations


You had 5 spell levels left.
You didn't know any spells.
Your spell library was empty.

Dungeon Overview and Level Annotations

Branches:
Dungeon (3/15)

Altars:
Dithmenos

Annotations:
D:3 Ijyb


Innate Abilities, Weirdness & Mutations

You have very sharp teeth.
Your uncanny sense of smell can sniff out nearby items.
Your experience applies equally to all skills.


Message History

Found a stone staircase leading down.
Found a short sword.
Found a dagger.
Ijyb the Twisted Goblin comes into view.
She is wielding a +4 club and carrying a wand of acid (8).
Ijyb shouts!
You hit Ijyb but do no damage.
Your weapon exudes an aura of protection.
Ijyb hits you but does no damage. You block Ijyb's attack.
You barely miss Ijyb.
Ijyb zaps a wand.
The bolt of acid hits you. The acid corrodes you!
You are splashed with acid!
You hit Ijyb but do no damage.
Ijyb zaps a wand.
The bolt of acid hits you!
* * * LOW HITPOINT WARNING * * *
You are splashed with acid!
* * * LOW HITPOINT WARNING * * *
You block Ijyb's attack.
You are too injured to fight recklessly!
You are too injured to fight recklessly!
It was a potion of heal wounds.
You feel much better. You block Ijyb's attack.
You hit Ijyb but do no damage.
Ijyb zaps a wand.
The bolt of acid hits you!
You are splashed with acid!
* * * LOW HITPOINT WARNING * * *
You feel much better.
Ijyb zaps a wand.
The bolt of acid hits you.
You are splashed with acid.
* * * LOW HITPOINT WARNING * * *
You closely miss Ijyb. Ijyb hits you but does no damage.
Ijyb barely misses you.
You hit Ijyb.
Ijyb is lightly wounded.
Ijyb closely misses you. Ijyb hits you with a +4 club.
* * * LOW HITPOINT WARNING * * *
You closely miss Ijyb.
Ijyb is lightly wounded.
Ijyb closely misses you.
You hit Ijyb.
Ijyb is lightly wounded.
You block Ijyb's attack. Ijyb barely misses you.
You hit Ijyb but do no damage.
Ijyb is lightly wounded.
Ijyb zaps a wand.
The bolt of acid hits you!
You die...

..# #.# #.#..
..###.#### #.#.#.#
.<†.#....# #.#.#.#
....####.####.#.#.#
............#.#.#.#
....####....#.#.#.#
....# #....#.#.#.#
# ....#
#....#...#g#..#.#
+#.##
#........@......#
#.#
#....#.....#.####
..# #....#.##### ##
###+##.. ###


You could see Ijyb.

Vanquished Creatures
  An adder (D:3)
  2 worms (D:2)
  3 dart slugs
  8 endoplasms
  2 giant cockroaches
  7 goblins
  4 hobgoblins
  4 jackals (D:2)
  4 quokkas
  2 bats
  2 frilled lizards
  2 kobolds
  A rat (D:2)
42 creatures vanquished.

Vanquished Creatures (others)
  2 plants (D:2)
  3 withered plants (D:2)
5 creatures vanquished.

Grand Total: 47 creatures vanquished

Notes
Turn   | Place    | Note
-------+----------+-------------------------------------------
     0 | D:1      | senseless the Gnoll Fighter began the quest for the Orb.
     0 | D:1      | Reached XP level 1. HP: 23/23 MP: 1/1
   251 | D:1      | Reached XP level 2. HP: 29/29 MP: 2/2
   687 | D:1      | Reached XP level 3. HP: 35/35 MP: 3/3
   969 | D:2      | Reached skill level 1 in Invocations
  1425 | D:2      | Reached skill level 1 in Short Blades
  1425 | D:2      | Reached skill level 1 in Long Blades
  1425 | D:2      | Reached skill level 1 in Maces & Flails
  1425 | D:2      | Reached skill level 1 in Polearms
  1425 | D:2      | Reached skill level 1 in Staves
  1425 | D:2      | Reached skill level 1 in Slings
  1425 | D:2      | Reached skill level 1 in Bows
  1425 | D:2      | Reached skill level 1 in Crossbows
  1425 | D:2      | Reached skill level 1 in Throwing
  1425 | D:2      | Reached skill level 1 in Dodging
  1425 | D:2      | Reached skill level 1 in Stealth
  1425 | D:2      | Reached skill level 1 in Unarmed Combat
  1425 | D:2      | Reached skill level 1 in Spellcasting
  1425 | D:2      | Reached skill level 1 in Evocations
  1576 | D:2      | Reached XP level 4. HP: 41/41 MP: 5/5
  1596 | D:2      | Found a faded altar of an unknown god.
  1618 | D:2      | Became a worshipper of Dithmenos the Shadowed
  1618 | D:2      | Reached * piety under Dithmenos
  1717 | D:3      | Noticed Ijyb
  1720 | D:3      | HP: 1/41 [acid (10)]
  1728 | D:3      | Killed from afar by Ijyb

Illustrated notes

Levels and vault maps discovered:
D:1:      denvon_arrival_planthouse, layout_basic
D:2:      layout_loops_ring, shapermc_ecumenical_altar_flowoftime, minivault_26,
          minmay_unequal
D:3:      layout_basic, minitemple, uniq_natasha, uniq_ijyb

Skill      XL: |  1  2  3 |
---------------+----------+-----
Invocations    | 1 |  1.1
Short Blades   | 1 |  1.0
Long Blades    | 1 |  1.0
Maces & Flails | 1 |  1.0
Polearms       | 1 |  1.0
Staves         | 1 |  1.0
Slings         | 1 |  1.0
Bows           | 1 |  1.0
Crossbows      | 1 |  1.0
Throwing       | 1 |  1.0
Dodging        | 1 |  1.0
Stealth        | 1 |  1.0
Unarmed Combat | 1 |  1.0
Spellcasting   | 1 |  1.0
Evocations     | 1 |  1.0
Fighting       | |  6.6
Axes           | |  4.6
Armour         | |  6.6
Shields        | |  6.6
Conjurations   | |  0.8
Hexes          | |  0.8
Summonings     | |  0.8
Necromancy     | |  0.8
Translocations | |  0.8
Transmutations | |  0.8
Fire Magic     | |  0.8
Ice Magic      | |  0.8
Air Magic      | |  0.8
Earth Magic    | |  0.8
Poison Magic   | |  0.8

Action                   |  1- 3 |  4- 6 || total
-------------------------+-------+-------++-------
Melee: War axe           |    52 |       ||    52
       Bite              |    10 |     3 ||    13
       Flail             |    33 |    28 ||    61
  Use: Scroll            |     1 |       ||     1
       Potion            |       |     2 ||     2
Armor: Scale mail        |    31 |     3 ||    34
Dodge: Dodged            |    27 |     5 ||    32
Block: Kite shield       |    47 |     4 ||    51

Table legend: (Time is in decaauts)
 A = Elapsed time spent in this place.
 B = Non-inter-level travel time spent in this place.
 C = Inter-level travel time spent in this place.
 D = Time resting spent in this place.
 E = Time spent auto-exploring this place.
 F = Levels seen in this place.
 G = Mean time per level.
                   A        B        C        D        E       F      G
               +--------+--------+--------+--------+--------+-----+--------+
         Total |   1781 |   1760 |     21 |      0 |   1463 |   3 |  593.7 |
       Dungeon |   1781 |   1760 |     21 |      0 |   1463 |   3 |  593.7 |
               +--------+--------+--------+--------+--------+-----+--------+

Top non-repeatable levels by time:
     D:2: 950 daAuts
     D:1: 743 daAuts
     D:3: 87 daAuts
